 Dungeon Crawl Stone Soup version 0.27-a0-1149-g4505690ab0 (webtiles) character file.

Game seed: 17455749992792850343

90 Strat the Ruffian (level 4, 0/38 HPs)
             Began as a Naga Transmuter on May 14, 2021.
             Slain by a goblin
             ... wielding a +0 club
             ... led by Robin
              (2 damage)
             ... on level 3 of the Dungeon.
             The game lasted 00:05:47 (2904 turns).

Strat the Ruffian (Naga Transmuter)                 Turns: 2904, Time: 00:05:48

Health: 0/38       AC:  3    Str: 13    XL:     4   Next: 56%
Magic:  7/7        EV: 10    Int: 13    God:
Gold:   69         SH:  0    Dex: 12    Spells: 3/7 levels left

rFire    . . .     SeeInvis +     - Unarmed
rCold    . . .     Faith    .   (no shield)
rNeg     . . .     Spirit   .   a - +0 robe
rPois    +         Reflect  .   (no helmet)
rElec    .         Harm     .   (no cloak)
rCorr    .         Rampage  .   e - +0 pair of gloves
Will     .....                  (no barding)
Stlth    +.........             (no amulet)
HPRegen  0.12/turn              (no ring)
MPRegen  0.10/turn              (no ring)

@: short of breath, very slow
A: AC +1, large, see invisible, deformed body, poison resistance, slowness 2,
spit poison 1, naga tail 1
a: Spit Poison


You were on level 3 of the Dungeon.
You visited 1 branch of the dungeon, and saw 3 of its levels.

You collected 69 gold pieces.

Inventory:

Missiles
 b - 17 stones
Armour
 a - a +0 robe (worn)
 e - a +0 pair of gloves (worn)
 m - a +4 ring mail
Jewellery
 g - a ring of flight
Scrolls
 c - a scroll of enchant weapon {unknown}
 h - a scroll of amnesia {unknown}
 i - 2 scrolls of immolation {unknown}
 j - 3 scrolls of identify {unknown}
 k - a scroll of summoning {unknown}
 l - a scroll of enchant armour {unknown}
Potions
 d - 2 potions of curing {unknown}
 f - a potion of brilliance {unknown}


   Skills:
 + Level 1.2 Fighting
 - Level 1.5 Dodging
 - Level 5.0 Unarmed Combat
 - Level 2.0 Spellcasting
 + Level 2.1 Transmutations
 + Level 0.7 Poison Magic


You had 3 spell levels left.
You knew the following spells:

 Your Spells              Type           Power      Damage    Failure   Level
a - Beastly Appendage     Tmut           12%        N/A       11%         1
b - Spider Form           Tmut/Pois      2%         N/A       38%         3

Your spell library contained the following spells:

 Spells                   Type           Power      Damage    Failure   Level
 Wereblood                Tmut           6%         N/A       16%         2
 Ice Form                 Ice/Tmut       4%         N/A       86%         4
 Hydra Form               Tmut           3%         N/A       96%         5


Dungeon Overview and Level Annotations

Branches:
Dungeon (3/15)

Altars:

Shops:
D:2 =

Annotations:
D:2 Robin


Innate Abilities, Weirdness & Mutations

Your serpentine skin is tough. (AC +1)
You have supernaturally acute eyesight. (SInv)
Armour fits poorly on your strangely shaped body.
Your system is resistant to poisons. (rPois)
You cover ground very slowly.
You can spit poison.
You have a snake-like lower body.


Message History

The goblin shouts! x2
The hobgoblin barely misses you.
You punch the goblin!
You kill the goblin!
The hobgoblin hits you.
Robin says, "A pitiful Naga like you will never find the ORB!"
Robin throws the goblin at you! The goblin barely misses you.
You barely miss the goblin. The goblin hits you with a +0 dagger.
The hobgoblin barely misses you. Robin throws the goblin at you!
The goblin barely misses you. The goblin hits you with a +0 club.
The goblin hits you but does no damage. The hobgoblin hits you.
The goblin closely misses you. Robin throws the goblin at you!
The goblin hits you with a +0 club.
* * * LOW HITPOINT WARNING * * *
The goblin closely misses you. Robin throws the goblin at you!
The hobgoblin hits you.
* * * LOW HITPOINT WARNING * * *
The goblin hits you with a +0 club.
* * * LOW HITPOINT WARNING * * *
The goblin hits you with a +0 club.
* * * LOW HITPOINT WARNING * * *
The goblin hits you but does no damage. The goblin hits you with a +0 club.
* * * LOW HITPOINT WARNING * * *
The goblin hits you with a +0 club.
* * * LOW HITPOINT WARNING * * *
There is a stone staircase leading down here.
The goblin hits you but does no damage. The goblin barely misses you.
You climb downwards.
Found 11 gold pieces.
There is a stone staircase leading up here.
The goblin hits you with a +0 club.
* * * LOW HITPOINT WARNING * * *
Press: ? - help, Shift-Dir - straight line, f - goblin
Aim: a goblin, wielding a +0 club The splash of poison hits the goblin.
The goblin is moderately wounded.
The goblin hits you with a +0 club.
You die...

#.# .. #.#
##.##
..##.....
#........
+........
#........
#........
#.####<##
#...@gg.#
.......##..#
....... #..#
....... #..#
....... ...#
....... #.##
....... $..
....... ##


You could see 2 goblins.

Vanquished Creatures
  4 adders (D:2)
  3 dart slugs (D:1)
  5 ball pythons
  4 bats
  An endoplasm (D:1)
  2 giant cockroaches
  4 goblins
  6 hobgoblins
  4 jackals (D:2)
  3 kobolds
  3 quokkas (D:1)
  A frilled lizard (D:1)
  5 rats
45 creatures vanquished.

Notes
Turn   | Place    | Note
-------+----------+-------------------------------------------
     0 | D:1      | Strat the Naga Transmuter began the quest for the Orb.
     0 | D:1      | Reached XP level 1. HP: 18/18 MP: 3/3
   417 | D:1      | Reached XP level 2. HP: 21/25 MP: 5/5
   988 | D:1      | Reached skill level 4 in Unarmed Combat
  1111 | D:1      | Reached XP level 3. HP: 31/31 MP: 6/6
  2121 | D:2      | Found Ciaziviss's Jewellery Shoppe.
  2178 | D:2      | Reached XP level 4. HP: 31/38 MP: 7/7
  2232 | D:2      | Learned a level 3 spell: Spider Form
  2284 | D:2      | Reached skill level 5 in Unarmed Combat
  2888 | D:2      | Noticed Robin
  2904 | D:3      | Slain by a goblin

Illustrated notes

Levels and vault maps discovered:
D:1:      erik_arrival_orb_chamber, layout_basic, minmay_misc_feat_more_columns
D:2:      layout_basic, chequers_ecumenical_altar_grove, serial_shops,
          nicolae_shop_stone, st_stairs_14, kennysheep_generic_room_11,
          uniq_crazy_yiuf_cottage, uniq_robin
D:3:      minmay_evil_eye, layout_basic, lemuel_blue_sif_altar

Skill      XL: |  1  2  3  4 |
---------------+-------------+-----
Unarmed Combat | 4 5 |  5.0
Fighting       | |  1.2
Dodging        | |  1.5
Spellcasting   | |  2.0
Transmutations | |  2.1
Poison Magic   | |  0.7

Action                   |  1- 3 |  4- 6 || total
-------------------------+-------+-------++-------
Melee: Unarmed           |   133 |    51 ||   184
       Headbutt          |       |     1 ||     1
       Punch             |       |     1 ||     1
 Cast: Beastly Appendage |     2 |     1 ||     3
 Abil: Spit Poison       |     7 |     1 ||     8
Armor: Robe              |    33 |    18 ||    51
Dodge: Dodged            |    73 |    29 ||   102

Table legend: (Time is in decaauts)
 A = Elapsed time spent in this place.
 B = Non-inter-level travel time spent in this place.
 C = Inter-level travel time spent in this place.
 D = Time resting spent in this place.
 E = Time spent auto-exploring this place.
 F = Levels seen in this place.
 G = Mean time per level.
                   A        B        C        D        E       F      G
               +--------+--------+--------+--------+--------+-----+--------+
         Total |   3334 |   3319 |     15 |   1016 |   1721 |   3 | 1111.3 |
       Dungeon |   3334 |   3319 |     15 |   1016 |   1721 |   3 | 1111.3 |
               +--------+--------+--------+--------+--------+-----+--------+

Top non-repeatable levels by time:
     D:1: 2221 daAuts
     D:2: 1108 daAuts
     D:3: 3 daAuts
